Unix NetHack Version 5.0.0-0 post-release - last build May  4 2026 22:22:43 (774f63e81ad911689b3a0859ea89b322d5daca8d,branch:main).

Game began 2026-05-08 23:43:08, ended 2026-05-09 00:05:35.

BeardyHaddock, lawful male dwarven Archeologist

                                   -----.--                          ---------
                                   |..(...|                          |/[?..(?|
               #         `#########-....^.|      ------------        |.!!!.*.|
     ----------|-----    #         |......|      |..........|        |(?.[..!|
     |...*..........|    #         |..`<..|      ...........|        |..%..[.|
     |......*........######        .......|      |..........|        ----|----
     |.............*|             #---.----      ...........|            #
     -----------.----            ########    ###`|...........#           #
                ##               #    #       ###|..........|#           #
                 #               #    #      ####------------#           #
                 #            ####    #      ## #            #        ####
                 #            #       ###   ### ######       #       ##
                 #            #      ---|---##       ####    #### ---|-----
                 #           ##    ##-.....|##          ##########|.......|
             ----|-----------#     # |......##                  ##|[....d.|
             |..............|#     # |.....|##                  ##...Z@...|
             |..............-#       |.....-#                     |.`.....|
             |.........>....|        |.....|                      ---------
             ----------------        -------

BeardyHaddock the Field Worker  St:12 Dx:11 Co:12 In:16 Wi:16 Ch:8  Lawful
Dlvl:3  $:64 HP:0(30) Pw:6(6) AC:6  Xp:3 T:2195 

Latest messages:
 You see here 2 food rations (for sale, 240 zorkmids).
 There are 2 food rations here; eat one? [ynq] (n) n
 What do you want to eat? [d or ?*] d
 This food really hits the spot!
 The little dog picks up a bag.
 You finish eating the food ration.
 "For you, most gracious sir; only 60 zorkmids per food ration."
 z - 2 food rations (unpaid, 120 zorkmids).
 What do you want to drop? [$a-df-mz or ?*] b
 You drop an uncursed +0 leather jacket.
 Akalapi offers 5 gold pieces for your leather jacket.  Sell it? [ynaq] (n) y
 You sold an uncursed +0 leather jacket for 5 gold pieces.
 You see here a ring mail (for sale, 133 zorkmids).
 You see here an unlabeled scroll (for sale, 80 zorkmids).
 You see here a ring mail (for sale, 133 zorkmids).
 That coral ring is a small mimic!
 You see here a blue gem (for sale, 2000 zorkmids).
 That brown potion is a small mimic!
 The small mimic hits!
 The little dog drops a bag.
 You don't have enough gold to buy the item on your bill.
 You see here a pair of combat boots (for sale, 11 zorkmids).
 You don't have enough gold to buy the item on your bill.
 What do you want to drop? [$acdf-mz or ?*] ?
 You drop 2 food rations (unpaid, 120 zorkmids).
 You stop.  Your little dog is in the way!
 You do not owe Akalapi anything.
 The little dog picks up a bronze spellbook.
 You see here a +0 pick-axe.
 e - a +0 pick-axe.
 You swap places with your little dog.
 You stop.  Your little dog is in the way!
 You swap places with your little dog.
 You swap places with your little dog.
 You hear someone cursing shoplifters.
 You are bare handed.
 a - a +3 bullwhip (alternate weapon; not wielded).
 The dwarf zombie hits!
 What do you want to wield? [- ae or ?*] e
 e - a +0 pick-axe (weapon in right hand).
 You miss the dwarf zombie.
 The dwarf zombie hits!
 You hit the dwarf zombie!
 The dwarf zombie hits!
 You die...
 Do you want your possessions identified? [ynq] (y) n
 Do you want to see your attributes? [ynq] (y) n
 Do you want an account of creatures vanquished? [ynaq] (y) n
 Do you want to see your conduct and achievements? [ynq] (y) n
 Do you want to see the dungeon overview? [ynq] (y) n

Inventory:
 Coins    ('$')
  $ - 64 gold pieces
 Weapons  (')')
  a - a +3 bullwhip (alternate weapon; not wielded)
 Armor    ('[')
  c - an uncursed +0 fedora (being worn)
  l - an uncursed +0 scale mail (being worn)
 Comestibles  ('%')
  d - 3 uncursed food rations
 Scrolls  ('?')
  j - an uncursed scroll of create monster
  i - an uncursed scroll of teleportation
 Wands    ('/')
  m - a wand of light (0:15)
 Tools    ('(')
  h - an empty uncursed sack
  k - an uncursed lock pick
  e - a +0 pick-axe (weapon in right hand)
  f - a tinning kit (0:65)
 Gems/Stones  ('*')
  g - an uncursed touchstone

BeardyHaddock the Archeologist's attributes:

Background:
 You were a Field Worker, a level 3 male dwarven Archeologist.
 You were lawful, on a mission for Quetzalcoatl
 who was opposed by Camaxtli (neutral) and Huhetotl (chaotic).
 You were right-handed.
 You were in the Dungeons of Doom, on level 3.
 You entered the dungeon 2195 turns ago.
 It was the midnight hour.
 You had 52 experience points, 28 more were needed to attain level 4.

Basics:
 You had 0 out of 30 hit points.
 You had all 6 energy points (spell power).
 Your armor class was 6.
 Your wallet contained 64 zorkmids.
 Autopickup was off.

Final Characteristics:
 Your strength was 12 (limit:18/100).
 Your dexterity was 11 (limit:20).
 Your constitution was 12 (limit:20).
 Your intelligence was 16 (limit:16).
 Your wisdom was 16 (limit:16).
 Your charisma was 8 (limit:16).

Final Status:
 You weren't hungry.
 You were unencumbered.
 You were wielding a pick-axe.
 You had basic skill with pick-axe.

Final Attributes:
 You were devoutly aligned.
 You had automatic searching.
 You had infravision.
 You were warded.
 You were lucky.
 You are dead.

Miscellaneous:
 You didn't encounter any bones levels.
 Total elapsed playing time was 22 minutes and 27 seconds.

Major events:
 Turn
    1: BeardyHaddock the lawful male dwarven Archeologist entered the dungeon
 1608: attained the rank of Field Worker (level 3)
 2195: killed by a dwarf zombie

You didn't know any spells.

Skills:
 Fighting Skills
   bare handed combat [Unskilled]
   two weapon combat  [Unskilled]
   riding             [Unskilled]
 Weapon Skills
   dagger             [Unskilled]
   knife              [Unskilled]
   pick-axe           [Basic]
   short sword        [Unskilled]
   saber              [Unskilled]
   club               [Unskilled]
   quarterstaff       [Unskilled]
   sling              [Unskilled]
   dart               [Unskilled]
   boomerang          [Unskilled]
   whip               [Basic]
   unicorn horn       [Unskilled]
 Spellcasting Skills
   attack spells      [Unskilled]
   healing spells     [Unskilled]
   divination spells  [Unskilled]
   matter spells      [Unskilled]

Voluntary challenges:
 Character rerolling was not enabled.
 You never genocided any monsters.
 You never polymorphed an object.
 You never changed form.
 You used no wishes.
Achievements:
 You entered a shop.
 You attained the rank of Field Worker.

 The Dungeons of Doom: levels 1 to 3
    Level 1:
       An altar to Quetzalcoatl, a grave.
    Level 2:
       Some fountains.
    Level 3: <- You were here.
       A general store.
       Final resting place for
          you, killed by a dwarf zombie.


Vanquished creatures:
  a shrieker
  2 acid blobs
  a yellow mold
  a gecko
  2 foxes
  2 kobolds
  6 grid bugs
  a lichen
  5 newts
21 creatures vanquished.

No species were genocided or became extinct.

Game over:
                       ----------
                      /          \
                     /    REST    \
                    /      IN      \
                   /     PEACE      \
                  /                  \
                  |  BeardyHaddock   |
                  |      64 Au       |
                  |   killed by a    |
                  |   dwarf zombie   |
                  |                  |
                  |                  |
                  |       2026       |
                 *|     *  *  *      | *
        _________)/\\_//(\/(/\)/\//\/|_)_______

Goodbye BeardyHaddock the Archeologist...

You died in The Dungeons of Doom on dungeon level 3 with 376 points,
and 64 pieces of gold, after 2195 moves.
You were level 3 with a maximum of 30 hit points when you died.

